cohdb
Replays
Latest Replays
All Replays
Popular Replays
Top Player Replays
Match Explorer
How It Works
Community
CoH3 Stats
Reddit
Sign in to upload your games and track your stats! →
Sign in with Steam
Match 45179876
Unlisted
Match 45179876
Overview
Messages
Build Orders
End
Kradschützen Motorcycle Team
Selects Italian Combined Arms Battlegroup
Selects Bersaglieri Squad
Bersaglieri Squad
Bersaglieri Squad
Construct Light Support Kompanie
Bersaglieri Squad
2.5-tonne Medical Truck
Bersaglieri Squad
Selects Bersaglieri Bolster
Fire Support Elements
Flakvierling Half-track
Selects Breda Model 30 Light Machine Guns
le.IG 18 Support Gun Team
Forward Retreat Point
Construct Panzerarmee Kommand
Selects Semovente da 75/18 Assault Gun
Panzer III L Medium Tank
Panzerpioneer Squad
Walking Stuka Rocket Launcher
MG34 Team
Selects Carro Armato M13/40 Light Tank
Selects Pact of Steel
Selects Strafing Run
Selects Artillery Cover
Forward Retreat Point
Flakvierling Half-track
Panzer III L Medium Tank
Bersaglieri Squad
Walking Stuka Rocket Launcher
Strafing Run
Artillery Cover
Bersaglieri Squad
Artillery Cover
Strafing Run
Panzer III L Medium Tank
Panzerpioneer Squad
Panzer III L Medium Tank
Bersaglieri Squad
mikeX
Agent Smith
Robin Da Hood
Supsen
ozs
Tenkes02
皇家炮兵桐藤渚
ダメCAKE!!!
0
0
Comments
sign in to comment!
No comments posted yet!